 Dungeon Crawl Stone Soup version 0.29-a0-341-g24ffce5b50 (webtiles) character file.

Game seed: 3815981739511754273

77 sokol815 the Chopper (level 4, -10/43 HPs)
             Began as an Octopode Gladiator on Apr 21, 2022.
             Mangled by an ogre
             ... wielding a +0 giant club
              (26 damage)
             ... on level 3 of the Dungeon.
             The game lasted 00:04:13 (1983 turns).

sokol815 the Chopper (Octopode Gladiator)           Turns: 1983, Time: 00:04:14

Health: -10/43     AC: 22    Str: 13    XL:     4   Next: 34%
Magic:  4/4        EV:  2    Int: 12    God:
Gold:   53         SH:  0    Dex: 13    Spells: 0/3 levels left

rFire   + . .      SeeInvis .   a - +2 whip (elec)
rCold   . . .      Faith    .   (no shield)
rNeg    . . .      Spirit   .   (helmet currently unavailable)
rPois   +          Reflect  .   k - amulet of regeneration
rElec   .          Harm     .   Z - ring of wizardry {Wiz+, !d}
rCorr   .          Rampage  .   F - ring of protection from fire {rF+, !d}
Will    .....      NoTele   +   (no ring)
Stlth   +.........              (no ring)
HPRegen 0.94/turn               (no ring)
MPRegen 0.09/turn               (no ring)
                                (no ring)
                                (no ring)

@: tree-form
A: stationary, stasis, torment immunity, boosted hp, almost no armour,
(amphibious), 8 rings, (camouflage 1), (gelatinous body 1), (nimble swimmer 1),
(tentacles)
a: no special abilities


You were on level 3 of the Dungeon.
You were a tree.
You visited 1 branch of the dungeon, and saw 3 of its levels.

You collected 53 gold pieces.

Inventory:

Hand Weapons
 a - a +2 whip of electrocution (weapon)
   (You took it off a kobold on level 1 of the Dungeon)
 e - a +0 war axe
 g - a +1 dagger of protection
   (You took it off a kobold on level 3 of the Dungeon)
Missiles
 c - 3 throwing nets {!d}
 d - a javelin
 j - 6 boomerangs
 l - 2 curare-tipped darts
 s - 101 stones
Armour
 b - a +1 hat (melded)
Jewellery
 k - an amulet of regeneration (around neck)
   (You found it on level 3 of the Dungeon)
 F - a ring of protection from fire (right branch) {rF+, !d}
   (You found it on level 3 of the Dungeon)
 Z - a ring of wizardry (left branch) {Wiz+, !d}
   (You found it on level 2 of the Dungeon)
Scrolls
 V - a scroll of vulnerability {!r!r}
 Y - 2 scrolls of teleportation {@r3}
Potions
 f - a potion of invisibility {unknown}
 i - 2 potions of resistance {unknown}
 J - 3 potions of curing {@q1}
 L - 2 potions of flight
 P - 2 potions of lignification {!q}


   Skills:
 - Level 2.0 Fighting
 - Level 4.0(4.3) Axes
 * Level 2.3(3.5) Maces & Flails
 - Level 2.0 Throwing
 - Level 3.0 Dodging
 + Level 0.5 Stealth
 + Level 0.0 Spellcasting
 * Level 0.4 Conjurations
 * Level 0.3 Hexes


You couldn't memorise any spells.
You knew the following spells:

 Your Spells              Type           Power      Damage    Failure   Level
a - Dazzling Flash        Conj/Hex       2%         N/A       32%         3

Your spell library contained the following spells:

 Spells                   Type           Power      Damage    Failure   Level
 Blink                    Tloc           0%         N/A       21%         2
 Conjure Flame            Conj/Fire      0%         6-21      32%         3
 Portal Projectile        Hex/Tloc       0%         N/A       34%         3
 Call Canine Familiar     Summ           0%         N/A       36%         3
 Ignite Poison            Fire/Tmut/Pois 0%         N/A       36%         3
 Lesser Beckoning         Tloc           0%         N/A       36%         3
 Iskenderun's Mystic Bla  Conj/Tloc      0%         2d3       71%         4
 Sticky Flame             Conj/Fire      0%         2d3       71%         4
 Leda's Liquefaction      Hex/Erth       0%         N/A       73%         4
 Manifold Assault         Tloc           0%         N/A       97%         5
 Starburst                Conj/Fire      0%         6d3       100%        6


Dungeon Overview and Level Annotations

Branches:
Dungeon (3/15)

Altars:

Annotations:
D:3 exclusion: ogre


Innate Abilities, Weirdness & Mutations

You are a tree.
Your roots penetrate the ground, keeping you stationary.
You cannot be teleported.
You are immune to unholy pain and torment.
Your maximum health is greatly increased.
You cannot wear most types of armour.
((You are amphibious.))
You can wear up to eight rings at the same time.
((Your skin changes colour to match your surroundings (Stealth+).))
((Your rubbery body absorbs attacks. (AC +1, EV +1)))
((You are camouflaged when in or above water. (Stealth+)))
((You have tentacles for arms and can constrict up to eight enemies at once.))


Message History

You kill the jackal!
You hit the jackal.
You kill the jackal!
You closely miss the jackal. You grab the jackal. You constrict the jackal.
The jackal barely misses you.
You hit the jackal. You constrict the jackal. The jackal bites you.
You take 1 damage, and have 27/29 hp.
You hit the jackal.
You kill the jackal!
You barely miss the frilled lizard. Your grab misses the frilled lizard.
The frilled lizard barely misses you.
You miss the frilled lizard. Your grab misses the frilled lizard.
The frilled lizard bites you.
You take 3 damage, and have 24/29 hp.
You whack the frilled lizard!
Lightning courses through the frilled lizard!
You kill the frilled lizard!
You hit the kobold. Your grab misses the kobold.
Your squeeze misses the kobold.
The kobold hits you with a +1 dagger of protection.
You take 3 damage, and have 21/29 hp.
You barely miss the kobold. You grab the kobold. You constrict the kobold.
The kobold misses you.
You hit the kobold but do no damage.
You constrict the kobold, but do no damage.
The kobold barely misses you.
You hit the kobold but do no damage.
You constrict the kobold, but do no damage.
You hit the kobold.
You kill the kobold!
s - 63 stones (gained 2)
Items here: ) †††.
g - a +1 dagger of protection
s - 79 stones (gained 16)
Found a stone staircase leading up.
Health restored: 29 A hobgoblin comes into view.
There is a stone staircase leading up here.
The helpless hobgoblin fails to defend itself.
You hit the hobgoblin. You grab the hobgoblin. You squeeze the hobgoblin.
You kill the hobgoblin!
No target in view!
h - 3 smoky coppery potions
s - 101 stones (gained 22)
i - 2 smoky blue potions A quokka comes into view.
The quokka bites you.
You take 3 damage, and have 26/29 hp.
You hit the quokka. You grab the quokka. You constrict the quokka.
The quokka closely misses you.
You barely miss the quokka. You constrict the quokka.
The quokka barely misses you.
You hit the quokka.
You kill the quokka!
No target in view!
j - 6 boomerangs You see here a quokka corpse.
F - a ring of protection from fire {rF+, !d} Health restored: 29
F - a ring of protection from fire (right tentacle) {rF+, !d} You see here a quokka corpse.
k - an amulet of regeneration You start putting on your amulet.
You continue putting on your amulet of regeneration. x5
You finish putting on your amulet of regeneration.
The amulet throbs as it attunes itself to your uninjured body.
k - an amulet of regeneration (around mantle)
You see here a +0 ring mail.
l - 2 curare-tipped darts You now have 53 gold pieces (gained 6).
You see here a +0 leather armour.
There is a stone staircase leading up here.
You see here a +0 chain mail.
You see here a hobgoblin corpse.
An ogre comes into view. It is wielding a +0 giant club.
You see here 5 gold pieces.
Here: an ogre, wielding a +0 giant club (asleep)
The floor.
The ogre shouts!
It was a potion of lignification.
You turn into a tree.
Your +1 hat melds into your body.
Your roots penetrate the ground.
P - 2 potions of lignification A quokka comes into view.
You now have 43/43 hp.
You hit the ogre.
The ogre hits you with a +0 giant club!!
Ouch! That really hurt!
You take 22 damage, and have 21/43 hp.
MASSIVE DAMAGE!!
You whack the ogre!
Unknown command.
You hit the ogre. The ogre hits you with a +0 giant club!
You take 9 damage, and have 13/43 hp.
MASSIVE DAMAGE!!
You closely miss the ogre. You hit the ogre. The ogre barely misses you.
You hit the ogre.
The ogre hits you with a +0 giant club!!
Ouch! That really hurt!
You die...

####### ####.......
..#.♣Or......
#.#$##.######.#
#.#.##.# #.#.#
##.#.##.## #.#.#
####........# #.#.#
........†...# #.#.#
##.#......<.#####.#.#
#.#...........##.#.#
#.#.#......##.##.#.#


You could see an ogre and a quokka.

Vanquished Creatures
  3 adders (D:2)
  A dart slug (D:1)
  A ball python (D:2)
  4 bats
  5 endoplasms (D:1)
  A goblin (D:2)
  5 hobgoblins
  6 jackals
  4 quokkas
  3 frilled lizards
  8 kobolds
  5 rats
46 creatures vanquished.

Notes
Turn   | Place    | Note
-------+----------+-------------------------------------------
     0 | D:1      | sokol815 the Octopode Gladiator began the quest for the
                  | Orb.
     0 | D:1      | Reached XP level 1. HP: 14/14 MP: 1/1
   314 | D:1      | Reached XP level 2. HP: 19/19 MP: 2/2
   553 | D:1      | Found a faded altar of an unknown god.
   661 | D:1      | Reached skill level 4 in Axes
   740 | D:1      | Reached XP level 3. HP: 24/24 MP: 3/3
   882 | D:2      | Reached skill level 1 in Maces & Flails
  1038 | D:2      | Reached skill level 2 in Maces & Flails
  1038 | D:2      | Reached XP level 4. HP: 29/29 MP: 4/4
  1196 | D:2      | Learned a level 3 spell: Dazzling Flash
  1584 | D:2      | Identified the +1 leather armour "Sut Won" {rC+ SInv}
  1972 | D:3      | Noticed an ogre
  1983 | D:3      | Mangled by an ogre

Illustrated notes

Levels and vault maps discovered:
D:1:      dpeg_arrival_pits, layout_rooms,
          hellmonk_ecumenical_altar_leap_of_faith, st_stairs_14,
          minmay_liquid_box
D:2:      layout_rooms, grunt_decor_cap, amcnicky_mini_rare_corridor_liquid
D:3:      layout_loops_ring

Skill      XL: |  1  2  3 |
---------------+----------+-----
Axes           | 4 |  4.0
Maces & Flails | 2 |  2.3
Fighting       | |  2.0
Throwing       | |  2.0
Dodging        | |  3.0
Stealth        | |  0.5
Conjurations   | |  0.4
Hexes          | |  0.3

Action                   |  1- 3 |  4- 6 || total
-------------------------+-------+-------++-------
Melee: War axe           |    33 |       ||    33
       Constrict         |    11 |     8 ||    19
       Tentacles         |     7 |     3 ||    10
       Whip              |    21 |    43 ||    64
  Use: Scroll            |     7 |     1 ||     8
       Potion            |       |     1 ||     1
 Stab: Sleeping          |     6 |     2 ||     8
       Distracted        |       |     1 ||     1
Armor: Skin              |     9 |     4 ||    13
Dodge: Dodged            |    27 |    19 ||    46

Table legend: (Time is in decaauts)
 A = Elapsed time spent in this place.
 B = Non-inter-level travel time spent in this place.
 C = Inter-level travel time spent in this place.
 D = Time resting spent in this place.
 E = Time spent auto-exploring this place.
 F = Levels seen in this place.
 G = Mean time per level.
                   A        B        C        D        E       F      G
               +--------+--------+--------+--------+--------+-----+--------+
         Total |   1989 |   1920 |     69 |    291 |   1289 |   3 |  663.0 |
       Dungeon |   1989 |   1920 |     69 |    291 |   1289 |   3 |  663.0 |
               +--------+--------+--------+--------+--------+-----+--------+

Top non-repeatable levels by time:
     D:1: 949 daAuts
     D:2: 724 daAuts
     D:3: 316 daAuts

Table legend:
 A = Kills in this place as a percentage of kills in entire the game.
 B = Kills by you in this place as a percentage of kills by you in the entire game.
 C = Kills by friends in this place as a percentage of kills by friends in the entire game.
 D = Other kills in this place as a percentage of other kills in the entire game.
 E = Experience gained in this place as a percentage of experience gained in the entire game.
 F = Experience gained in this place divided by the number of levels of this place that you have seen.
                   A       B       C       D       E      F
               +-------+-------+-------+-------+-------+----------------------
         Total | 100.0 | 100.0 |   N/A |   N/A | 100.0 |  37.0
       Dungeon | 100.0 | 100.0 |   N/A |   N/A | 100.0 |  37.0
               +-------+-------+-------+-------+-------+----------------------
